AoeStats
← [CL] Al3jandr0.magn00

Arabia

508039618Analyzed
1v1 RM · 10d ago on Sep 20, 2026· 23m 6s· 2 players
Game mode
Random Map
Map size
Tiny (2 player)
Population
200
Speed
Normal
Resources
Standard
Victory
Conquest
Starting age
Dark Age
Ending age
Imperial Age
RankedLock teamsTeams togetherTeam positionsShared explorationLock speedFull tech treeHidden civsTurbo modeCheats
Victory
Defeat
🇵🇰 Mapuche · Pakistan
2206
+4
🇦🇷 Ethiopians · Argentina
1879
-4
MangonelDance
6:40 Loom
9:16 Feudal Age
12:13 Double-Bit Axe
15:41 Fletching
20:14 Castle Age
18:34 Padded Archer Armor
18:16 Horse Collar
20:18 Elite Skirmisher
20:55 Bodkin Arrow
20:33 Crossbowman
22:24 Leather Archer Armor
[CL] Al3jandr0.magn00
6:38 Loom
9:44 Feudal Age
9:48 Man-at-Arms
11:13 Double-Bit Axe
12:24 Town Watch
14:53 Fletching
21:55 Castle Age
20:26 Horse Collar
21:12 Gold Mining
22:34 Bodkin Arrow
22:03 Crossbowman
Connection lost

Rejoining the realm…

Still unreachable

The connection could not be restored.

Session expired

The server has moved on; the page needs a fresh start.